 Dungeon Crawl Stone Soup version 0.30-a0-4-ga7cffc901d (webtiles) character file.

Game seed: 3716822249487283023

20135 greasedhog the Basher (level 12, -9/77 HPs)
             Began as a Gargoyle Abyssal Knight on Aug 22, 2022.
             Was an Elder of Lugonu.
             Killed from afar by a swamp worm (17 damage)
             ... with a harpoon shot
             ... on level 2 of the Lair of Beasts.
             The game lasted 00:22:05 (17380 turns).

greasedhog the Basher (Gargoyle Abyssal Knight)    Turns: 17380, Time: 00:22:07

Health: -9/77      AC: 21    Str: 20    XL:     12   Next: 76%
Magic:  19/19      EV: 13    Int: 14    God:    Lugonu [****..]
Gold:   701        SH:  3    Dex: 16    Spells: 11/11 levels left

rFire   . . .      SeeInvis .    z - +7 hammer "Koruet" {freeze, Drain rElec Int+3 Dex+4}
rCold   + . .      Faith    .    O - +0 buckler
rNeg    + . .      Spirit   .    m - +1 ring mail {rC+}
rPois   ∞          Reflect  .    p - +0 helmet
rElec   +          Harm     .    t - +1 cloak
rCorr   +          Rampage  .    v - +0 pair of gloves
Will    +....                    (no boots)
Stlth   +.........               y - amulet of magic regeneration
HPRegen 0.22/turn                n - ring of willpower
MPRegen 0.56/turn                D - ring of resist corrosion

@: no status effects
A: sickness immunity, AC +8, negative energy resistance 1, electricity
resistance, torment resistance 1, petrification resistance
a: Renounce Religion, Depart the Abyss, Bend Space, Banish, Corrupt


You were on level 2 of the Lair of Beasts.
You worshipped Lugonu.
Lugonu was greatly pleased with you.
You visited 3 branches of the dungeon, and saw 14 of its levels.
You visited the Abyss 1 time.

You collected 791 gold pieces.
You spent 90 gold pieces at shops.

Inventory:

Hand Weapons
 z - the +7 hammer "Koruet" (weapon) {freeze, Drain rElec Int+3 Dex+4}
   (You found it on level 3 of the Dungeon)

   It freezes those it strikes, dealing additional cold damage.
   It can also slow down cold-blooded creatures.
   Int:       It affects your intelligence (+3).
   Dex:       It affects your dexterity (+4).
   rElec:     It insulates you from electricity.
   Drain:     It drains your maximum health when unequipped.
Missiles
 q - 2 atropa-tipped darts (quivered)
 F - 6 throwing nets
Armour
 m - a +1 ring mail of cold resistance (worn)
 p - a +0 helmet (worn)
 t - a +1 cloak (worn)
 v - a +0 pair of gloves (worn)
 O - a +0 buckler (worn)
Jewellery
 n - a ring of willpower (left hand)
 y - an amulet of magic regeneration (around neck)
 D - a ring of resist corrosion (right hand)
 K - a ring of positive energy
Wands
 C - a wand of polymorph (11)
 E - a wand of charming (6)
 G - a wand of iceblast (11)
 P - a wand of mindburst (3)
Scrolls
 d - 4 scrolls of teleportation
 e - 6 scrolls of amnesia
 f - 3 scrolls of enchant weapon
 g - 5 scrolls of enchant armour
 j - 2 scrolls of fog
 r - a scroll of fear
 L - 2 scrolls of summoning
 M - a scroll of vulnerability
 N - a scroll of magic mapping
 R - a scroll of brand weapon
Potions
 b - 2 potions of attraction
 c - a potion of curing
 h - 4 potions of degeneration {unknown}
 i - a potion of brilliance {unknown}
 k - 4 potions of lignification
 l - 3 potions of might {unknown}
 o - 2 potions of resistance
 u - 2 potions of invisibility
 w - 4 potions of mutation {unknown}
 x - 3 potions of heal wounds {unknown}
 A - a potion of berserk rage {unknown}
 B - a potion of ambrosia {unknown}
 H - 2 potions of cancellation {unknown}
 Q - 2 potions of flight {unknown}
Miscellaneous
 J - a lightning rod (4/4)


   Skills:
 - Level 10.2 Fighting
 - Level 12.3 Maces & Flails
 * Level 6.6 Armour
 - Level 5.1 Dodging
 - Level 10.0 Invocations
 * Level 7.4 Evocations


You had 11 spell levels left.
You didn't know any spells.
Your spell library contained the following spells:

 Spells                   Type           Power      Damage    Failure   Level
 Apportation              Tloc           0%         N/A       54%         1
 Necrotise                Necr           0%         1d4       54%         1
 Summon Small Mammal      Summ           0%         N/A       54%         1
 Wereblood                Tmut           0%         N/A       67%         2
 Call Canine Familiar     Summ           0%         N/A       88%         3
 Portal Projectile        Hex/Tloc       0%         N/A       88%         3
 Summon Guardian Golem    Hex/Summ       0%         N/A       88%         3
 Leda's Liquefaction      Hex/Erth       0%         N/A       99%         4
 Orb of Destruction       Conj           0%         9d5       100%        7
 Spellforged Servitor     Conj/Summ      0%         N/A       100%        7
 Summon Hydra             Summ           0%         N/A       100%        7
 Sublimation of Blood     Necr           Unusable   N/A       N/A         2

Dungeon Overview and Level Annotations

Branches:
Dungeon (11/15)            Temple (1/1) D:4            Lair (2/5) D:9
  Swamp (0/4) Lair:2       Spider (0/4) Lair:2
    Orc: D:9-12

Altars:
Elyvilon
Gozag
Kikubaaqudgha
Nemelex Xobeh
Ru
Uskayaw
Vehumet
Wu Jian
Yredelemnul
Zin
The Shining One

Shops:
D:7 (


Innate Abilities, Weirdness & Mutations

You are immune to sickness and miasma.
Your stone body is resilient. (AC +8)
You are immune to poison.
You resist negative energy. (rN+)
You are resistant to electric shocks. (rElec)
You are resistant to unholy torment.
You are immune to petrification.


Message History

The swamp worm attacks as you move away!
The swamp worm bites you but does no damage.
The electric eel shoots out a bolt of lightning at you!
The bolt of electricity hits you. You resist.
You hit the swamp worm. You freeze the swamp worm.
The swamp worm is severely wounded.
The swamp worm bites you but does no damage.
Unknown command.
You closely miss the swamp worm.
The swamp worm is severely wounded.
You block the swamp worm's attack.
The electric eel shoots out a bolt of lightning at you!
The bolt of electricity hits you. You resist. The swamp worm bites you!
* * * LOW HITPOINT WARNING * * *
Unknown command.
Press: ? - help, Shift-Dir - straight line, f - swamp worm
Aim: a swamp worm (chance to affect: 90%)
Okay, then.
The swamp worm attacks as you move away!
The swamp worm barely misses you.
The swamp worm attacks as you move away!
The swamp worm bites you!
* * * LOW HITPOINT WARNING * * *
Blink to where?
Press: ? - help, Dir - move target
As you read the scroll of blinking, it crumbles to dust.
You start resting.
A swamp worm is nearby!
The swamp worm bites you.
* * * LOW HITPOINT WARNING * * *
You hit the swamp worm. You freeze the swamp worm.
The swamp worm is almost dead.
The swamp worm bites you but does no damage.
You hit the swamp worm. You freeze the swamp worm.
You kill the swamp worm!
Lugonu accepts your kill.
You can now corrupt the fabric of space.
The swamp worm fires a harpoon shot at you.
The harpoon shot hits you!
You die...

# ##.♣♣~..~♣ #
#..♣♣♣..~♣♣## ##
...♣~w.~♣..# .#
#..♣~♣.~♣..# ###
#..♣≈..~♣..
#.#######..♣≈..~♣.##
.##.##.##..♣♣†.♣♣..#
........#...♣..♣..#
######..#.#.♣..♣@##
#.##.#..⌠w..# ##
#.....#....#.#
..####..#.......###
.....#.P#..#...##
...P.......##PP#
....P.###..#####
..........##
.....P##.##


You could see a swamp worm.

Vanquished Creatures
  2 two-headed ogres
  A death yak (Lair:2)
  2 bog bodies (Lair:2)
  4 elephants
  2 gargoyles (D:11)
  2 cane toads (Lair:1)
  A rime drake (Lair:1)
  2 komodo dragons
  A polar bear (Lair:2)
  2 trolls
  Grinder (D:6)
  12 blink frogs
  Sigmund (D:3)
  A vampire (D:11)
  A wyvern (Lair:2)
  2 wraiths
  15 yaks
  2 basilisks (Lair:1)
  Eustachio (D:6)
  6 vampire mosquitoes (D:11)
  An acid dragon (D:7)
  Menkaure (D:5)
  2 swamp worms (Lair:2)
  7 water moccasins
  4 orc warriors
  A sky beast (D:6)
  2 ice beasts (D:7)
  2 ogres
  4 wolves (Lair:1)
  A phantom (D:5)
  12 centaurs
  A kobold brigand (D:9)
  Blork the orc (D:5)
  9 bullfrogs
  A gnoll sergeant (D:3)
  4 scorpions
  8 wights
  3 killer bees (D:9)
  3 howler monkeys
  2 electric eels
  A quasit (D:8)
  6 orc priests
  Crazy Yiuf (D:3)
  2 gnoll boudas
  Jessica (D:2)
  Natasha (twice) (D:3)
  8 orc wizards
  Robin (D:2)
  7 adders
  14 gnolls
  3 shadow imps (D:6)
  A white imp (D:8)
  5 ufetubi
  4 dart slugs
  35 orcs
  7 ball pythons
  6 endoplasms
  3 giant cockroaches
  11 goblins
  12 hobgoblins
  18 jackals
  7 quokkas
  4 bats
  A frilled lizard (D:3)
  8 kobolds
  4 rats
302 creatures vanquished.

Vanquished Creatures (others)
  An elephant (Lair:2)
  A yak (Lair:1)
  A demonic plant (D:8)
  9 fungi
  20 plants
32 creatures vanquished.

Grand Total: 334 creatures vanquished

Notes
Turn   | Place    | Note
-------+----------+-------------------------------------------
     0 | Abyss:1  | greasedhog the Gargoyle Abyssal Knight began the quest for
                  | the Orb.
     0 | Abyss:1  | Reached XP level 1. HP: 14/14 MP: 2/2
     1 | D:1      | Escaped the Abyss
   219 | D:1      | Reached skill level 1 in Dodging
   244 | D:1      | Found a faded altar of an unknown god.
   273 | D:1      | Reached XP level 2. HP: 8/19 MP: 3/3
   947 | D:1      | Reached XP level 3. HP: 23/24 MP: 4/4
  1554 | D:2      | Noticed Jessica
  1564 | D:2      | Killed Jessica
  1567 | D:2      | Reached XP level 4. HP: 14/29 MP: 5/5
  1951 | D:2      | Noticed Robin
  1962 | D:2      | Killed Robin
  1962 | D:2      | Reached *** piety under Lugonu
  1963 | D:2      | Reached skill level 3 in Maces & Flails
  2697 | D:3      | Noticed Sigmund
  2715 | D:3      | Killed Sigmund
  2716 | D:3      | Reached skill level 5 in Fighting
  2716 | D:3      | Reached skill level 4 in Maces & Flails
  2716 | D:3      | Reached XP level 5. HP: 23/35 MP: 6/6
  2716 | D:3      | Reached XP level 6. HP: 27/40 MP: 7/7
  3034 | D:3      | Noticed Natasha
  3041 | D:3      | Killed Natasha
  3299 | D:3      | Noticed Natasha
  3303 | D:3      | Killed Natasha
  3959 | D:3      | Reached XP level 7. HP: 16/44 MP: 8/8
  4227 | D:3      | Found a runed translucent door.
  4228 | D:3      | Noticed Crazy Yiuf
  4237 | D:3      | Killed Crazy Yiuf
  4285 | D:3      | Identified the +7 hammer "Koruet" {freeze, Drain rElec
                  | Int+3 Dex+4}
  4372 | D:4      | Reached skill level 5 in Maces & Flails
  4463 | D:4      | Found a staircase to the Ecumenical Temple.
  4491 | Temple   | Entered the Ecumenical Temple
  4871 | D:4      | Reached **** piety under Lugonu
  4939 | D:4      | You fall into a shaft and drop 2 floors!
  4959 | D:5      | Entered Level 5 of the Dungeon
  4967 | D:5      | Reached skill level 6 in Maces & Flails
  4967 | D:5      | Reached XP level 8. HP: 37/49 MP: 9/9
  5043 | D:5      | Found an ornate altar of the Wu Jian Council.
  5419 | D:5      | Reached skill level 5 in Dodging
  5441 | D:5      | Noticed Menkaure
  5449 | D:5      | Killed Menkaure
  5508 | D:5      | Found a sacrificial altar of Ru.
  5714 | D:5      | Noticed Blork the orc
  5722 | D:5      | Killed Blork the orc
  5723 | D:5      | Reached skill level 7 in Maces & Flails
  6195 | D:6      | Noticed Grinder
  6203 | D:6      | Killed Grinder
  6204 | D:6      | Reached skill level 8 in Maces & Flails
  6204 | D:6      | Reached skill level 5 in Invocations
  6204 | D:6      | Reached XP level 9. HP: 54/54 MP: 11/13
  6253 | D:6      | Found a radiant altar of Vehumet.
  6259 | D:6      | Noticed Eustachio
  6272 | D:6      | Killed Eustachio
  6617 | D:7      | Noticed a troll
  6635 | D:7      | Killed a troll
  7038 | D:7      | Found Wezaf's Weapon Boutique.
  7370 | D:7      | Reached skill level 9 in Maces & Flails
  7991 | D:8      | Reached XP level 10. HP: 59/59 MP: 14/16
  8479 | D:8      | Found an ancient bone altar of Kikubaaqudgha.
  8484 | D:8      | Found a basalt altar of Yredelemnul.
  8485 | D:8      | Found a hide-covered altar of Uskayaw.
  8485 | D:8      | Found an opulent altar of Gozag.
  8485 | D:8      | Found a sparkling altar of Nemelex Xobeh.
  8487 | D:8      | Found a glowing golden altar of the Shining One.
  8528 | D:8      | Reached skill level 10 in Maces & Flails
  9163 | D:9      | Noticed a two-headed ogre
  9169 | D:9      | Killed a two-headed ogre
  9869 | D:9      | Noticed a centaur warrior
  9871 | D:9      | Noticed a manticore
  9873 | D:9      | Noticed a seven-headed hydra
  9874 | D:9      | Noticed a centaur warrior
  9938 | D:9      | Found a staircase to the Lair.
 10271 | D:9      | Found Zin's Purification Station.
 10274 | D:9      | Found a glowing silver altar of Zin.
 10357 | D:9      | Bought a potion of curing for 90 gold pieces
 10975 | D:10     | Entered Level 10 of the Dungeon
 11101 | D:10     | Reached skill level 11 in Maces & Flails
 11141 | D:10     | Reached skill level 10 in Invocations
 11546 | D:10     | Noticed a two-headed ogre
 11560 | D:10     | Killed a two-headed ogre
 11581 | D:10     | Found a white marble altar of Elyvilon.
 11660 | D:10     | Reached XP level 11. HP: 64/64 MP: 18/18
 11855 | D:11     | Noticed a boulder beetle
 11857 | D:11     | Banished a boulder beetle
 11860 | D:11     | Identified the +3 robe "Dorawn" {-Tele Drain rC+ Int+8}
 11911 | D:11     | Reached skill level 12 in Maces & Flails
 12636 | Lair:1   | Entered Level 1 of the Lair of Beasts
 12655 | Lair:1   | Reached skill level 1 in Evocations
 13961 | Lair:1   | Reached XP level 12. HP: 31/77 MP: 19/19
 13974 | Lair:1   | HP: 2/77 [blink frog (11)]
 14387 | Lair:1   | Reached skill level 10 in Fighting
 14408 | Lair:1   | Reached skill level 5 in Evocations
 15573 | Lair:2   | Identified the +1 great sword of the Endless Expanse
                  | {flame, rElec rCorr}
 15663 | Lair:2   | Noticed a death yak
 15663 | Lair:2   | Noticed a death yak
 15664 | Lair:2   | Noticed a death yak
 15670 | Lair:2   | Noticed a death yak
 15962 | Lair:2   | Reached skill level 5 in Armour
 16619 | Lair:2   | Killed a death yak
 16918 | Lair:2   | Found a hole to the Spider Nest.
 17010 | Lair:2   | Noticed a death yak
 17015 | Lair:2   | Noticed a death yak
 17041 | Lair:2   | Banished a death yak
 17356 | Lair:2   | Found a staircase to the Swamp.
 17380 | Lair:2   | Killed from afar by a swamp worm

Illustrated notes

Levels and vault maps discovered:
D:1:      minmay_arrival_widening_spiral_narrow, layout_basic,
          chequers_ecumenical_altar_simple, chequers_garden, minmay_tripent
D:2:      layout_loops_ring, kennysheep_generic_room_4, uniq_robin, uniq_jessica
D:3:      layout_basic, kennysheep_generic_room_6, uniq_natasha, uniq_sigmund,
          uniq_crazy_yiuf_cottage
D:4:      layout_cave_pods, minmay_temple_entry_gardened_gates
D:5:      layout_cave_pools, mainiacjoe_overflow_catwalk,
          nicolae_overflow_crystal_walls, minivault_23, st_stairs_1,
          kennysheep_generic_room_10, uniq_menkaure, uniq_blork_the_orc
D:6:      layout_basic, mainiacjoe_overflow_paths, uniq_grinder, uniq_eustachio
D:7:      layout_basic, serial_shops, nicolae_shop_hallway_stairs,
          grunt_ministairs_7
D:8:      layout_loops_corners, minitemple, serial_demonic, serial_demonic_e,
          serial_demonic_f, serial_demonic_e, serial_demonic_e,
          serial_demonic_d, serial_demonic_e
D:9:      layout_stronghold, zin_purify, lair_entry_dummy,
          onia_ninara_dug_in_and_dangerous
D:10:     layout_roguey, lemuel_coloured_pillars_altar, serial_bayou_lagoon_a
D:11:     layout_roguey
Temple:   minmay_temple_curvy_loop
Lair:1:   layout_chaotic_city, grunt_megastairs_5, serial_bayou_shore_b
Lair:2:   layout_loops_ring, nicolae_swamp_entry_splash_gauntlet,
          dummy_spider_entry, serial_bayou_lagoon_b, grunt_megastairs_4,
          lemuel_fruit_tree

Skill      XL: |  1  2  3  4  5  6  7  8  9 10 11 12 |
---------------+-------------------------------------+-----
Dodging        | 1 2 3 4 5 |  5.1
Fighting       | 4 5 6 9 10 | 10.2
Maces & Flails | 4 6 8 9 11 12 | 12.3
Invocations    | 5 8 10 | 10.0
Evocations     | 4 7 |  7.4
Armour         | 6 |  6.6

Action                   |  1- 3 |  4- 6 |  7- 9 | 10-12 || total
-------------------------+-------+-------+-------+-------++-------
Melee: Mace              |    87 |   205 |   261 |   661 ||  1214
       Punch             |       |     4 |     5 |     8 ||    17
Throw: Dart              |       |     3 |       |       ||     3
Invok: Banish            |       |       |     1 |     9 ||    10
Evoke: Wand              |       |       |       |    15 ||    15
  Use: Scroll            |     2 |     5 |     3 |     9 ||    19
       Potion            |       |       |     3 |     7 ||    10
 Stab: Invisible         |       |     2 |       |       ||     2
       Betrayed ally     |       |       |       |     1 ||     1
Armor: Leather armour    |    43 |       |       |       ||    43
       Chain mail        |    16 |   182 |       |       ||   198
       Ring mail         |       |       |   138 |   370 ||   508
       Skin              |       |       |     2 |       ||     2
Dodge: Dodged            |    67 |    91 |   148 |   512 ||   818
Block: Buckler           |       |       |       |    21 ||    21

Table legend: (Time is in decaauts)
 A = Elapsed time spent in this place.
 B = Non-inter-level travel time spent in this place.
 C = Inter-level travel time spent in this place.
 D = Time resting spent in this place.
 E = Time spent auto-exploring this place.
 F = Levels seen in this place.
 G = Mean time per level.
                   A        B        C        D        E       F      G
               +--------+--------+--------+--------+--------+-----+--------+
         Total |  17381 |  16897 |    484 |   4373 |  10027 |  15 | 1158.7 |
       Dungeon |  13085 |  12653 |    432 |   1994 |   8801 |  11 | 1189.5 |
        Temple |      1 |      1 |      0 |      0 |      0 |   1 |    1.0 |
          Lair |   4294 |   4242 |     52 |   2378 |   1225 |   2 | 2147.0 |
         Abyss |      1 |      1 |      0 |      0 |      0 |   1 |    1.0 |
               +--------+--------+--------+--------+--------+-----+--------+

Top non-repeatable levels by time:
  Lair:1: 2364 daAuts
     D:9: 2326 daAuts
  Lair:2: 1929 daAuts
     D:3: 1700 daAuts
     D:1: 1515 daAuts
     D:7: 1293 daAuts
     D:2: 1171 daAuts
     D:8: 1170 daAuts
     D:4: 969 daAuts
    D:11: 813 daAuts
    D:10: 798 daAuts
     D:5: 683 daAuts
     D:6: 640 daAuts
  Temple: 1 daAuts
 Abyss:1: 1 daAuts
